 Dungeon Crawl Stone Soup version 0.19.1-1-g22dce08 (webtiles) character file.

13 Faustar the Skirmisher (level 2, -2/24 HPs)
             Began as a Formicid Abyssal Knight on Dec 29, 2016.
             Was a Follower of Lugonu.
             Slain by a goblin (3 damage)
             ... led by Robin
             ... on level 2 of the Dungeon.
             The game lasted 00:00:35 (395 turns).

Faustar the Skirmisher (Formicid Abyssal Knight)     Turns: 395, Time: 00:00:36

Health: -2/24      AC:  3    Str: 16    XL:     2   Next: 50%
Magic:  3/3        EV: 11    Int: 11    God:    Lugonu [*.....]
Gold:   34         SH:  0    Dex: 10    Spells: 0 memorised, 1 level left

rFire  . . .     SeeInvis +     a - +1 falchion
rCold  . . .     Gourm    .     b - +0 leather armour
rNeg   . . .     Faith    .     (no shield)
rPois  .         Spirit   .     (helmet unavailable)
rElec  .         Reflect  .     (no cloak)
rCorr  .         Harm     .     (no gloves)
MR     .....                    (no boots)
Stlth  +.........               (no amulet)
                                (no ring)
                                (no ring)

@: no status effects
A: permanent stasis, dig shafts and tunnels, four strong arms, antennae 3
a: Dig, Shaft Self, Depart the Abyss, Renounce Religion


You were on level 2 of the Dungeon.
You worshipped Lugonu.
Lugonu was aware of your devotion.
You were not hungry.

You visited 1 branch of the dungeon, and saw 2 of its levels.
You visited the Abyss 1 time.

You collected 34 gold pieces.

Inventory:

Hand Weapons
 a - a +1 falchion (weapon)
Armour
 b - a +0 leather armour (worn)
Scrolls
 d - 2 scrolls of remove curse {unknown}
Potions
 e - a potion of heal wounds {unknown}
 h - a potion of haste {unknown}
 i - a potion of agility {unknown}
 j - a potion of flight {unknown}
Comestibles
 c - a bread ration
 f - a beef jerky
 g - 3 fruits


   Skills:
 - Level 3.2 Fighting
 + Level 3.0 Long Blades
 - Level 2.1 Armour
 - Level 0.8 Dodging
 - Level 2.1 Invocations


You had one spell level left.
You didn't know any spells.

Dungeon Overview and Level Annotations

Branches:
Dungeon (1/15)

Altars:

Annotations:
D:2 Robin


Innate Abilities, Weirdness & Mutations

You are under a permanent stasis effect.
You can dig through walls and to a lower floor.
Your four strong arms can wield two-handed weapons with a shield.
You have a pair of large antennae on your head. (SInv)


Message History

The adder bites you.
You closely miss the adder.
The adder is lightly wounded.
The hobgoblin hits you. The goblin hits you but does no damage.
The adder barely misses you.
You riposte.
You barely miss the adder.
The adder is lightly wounded.
You miss the adder.
The adder is lightly wounded.
The adder barely misses you. The hobgoblin hits you!
* * * LOW HITPOINT WARNING * * *
The goblin hits you.
* * * LOW HITPOINT WARNING * * *
You barely miss the adder.
The adder is lightly wounded.
The adder barely misses you. The hobgoblin misses you.
The goblin barely misses you. The adder barely misses you.
You riposte.
You miss the adder.
The adder is lightly wounded.
The goblin hits you.
You die...

#.# #g#
#g# #g#
#g# #g#
..#####g#
#...w.g@#
..#####S#
#.# #..
... #.##
#.# #.#


You could see Robin, an adder, a dart slug, 4 hobgoblins and 2 goblins.

Vanquished Creatures
  A dart slug (D:1)
  2 bats (D:1)
  A giant cockroach (D:1)
  2 goblins (D:1)
  3 kobolds (D:1)
  A rat (D:1)
10 creatures vanquished.

Notes
Turn   | Place    | Note
-------+----------+-------------------------------------------
     0 | Abyss:1  | Faustar the Formicid Abyssal Knight began the quest for the Orb.
     0 | Abyss:1  | Reached XP level 1. HP: 18/18 MP: 2/2
     4 | Abyss:1  | Noticed a chaos spawn
     4 | Abyss:1  | Noticed a chaos spawn
     4 | Abyss:1  | Noticed a chaos spawn
     4 | Abyss:1  | Noticed a chaos spawn
     5 | D:1      | Escaped the Abyss
    95 | D:1      | Reached * piety under Lugonu
   132 | D:1      | Reached XP level 2. HP: 21/24 MP: 3/3
   388 | D:1      | You fall through a shaft!
   388 | D:2      | Noticed Robin
   394 | D:2      | HP: 1/24 [goblin[Robin] (4)]
   395 | D:2      | Slain by a goblin

Skill      XL: |  1  2 |
---------------+-------+-----
Long Blades    | 3 |  3.0
Fighting       | |  3.2
Armour         | |  2.1
Dodging        | |  0.8
Invocations    | |  2.1

Action                   || total
-------------------------++-------
Melee: Falchion          ||    32
Invok: Depart the Abyss  ||     1
Armor: Leather armour    ||     9
Dodge: Dodged            ||    27
       Rpst.: Falchion   ||     7
